 Dungeon Crawl Stone Soup version 0.29-a0-1009-g60c99734e7 (webtiles) character file.

Game seed: 11905789735458850992

133209 Pooter the Severer (level 16, -2/144 HPs)
             Began as a Minotaur Fighter on Aug 7, 2022.
             Was a Priest of Okawaru.
             Slain by a salamander
             ... wielding a +0 trident
              (6 damage)
             ... on level 3 of the Snake Pit on Aug 9, 2022.
             The game lasted 03:11:59 (34775 turns).

Pooter the Severer (Minotaur Fighter)              Turns: 34775, Time: 03:12:00

Health: -2/144     AC: 26    Str: 35    XL:     16   Next: 59%
Magic:  21/22      EV:  8    Int:  1    God:    Okawaru [***...]
Gold:   246        SH: 14    Dex: 18    Spells: 14/15 levels left

rFire   + + .      SeeInvis +   b - +6 hand crossbow of the Vulture {venom, Will+ Str+2 Int-4}
rCold   + . .      Faith    .   A - +0 kite shield of Purpose {+Blink +Inv rF++ Will-}
rNeg    . . .      Spirit   .   l - +5 plate armour
rPois   +          Reflect  .   (helmet restricted)
rElec   +          Harm     +   M - scarf {rC+ rF+}
rCorr   +          Rampage  .   Y - +5 pair of gloves of Brilliance {Harm Dex+6 Stlth-}
Will    +....                   X - +2 pair of boots {Fly}
Stlth   ..........              Z - amulet of regeneration
HPRegen 1.14/turn               S - +6 ring of strength
MPRegen 0.18/turn               E - ring "Nasteu" {rElec rPois rF- rCorr}

@: lethally poisoned (-2 -> -3), heroic, flying, constricted
A: horns 2, retaliatory headbutt, see invisible, deformed body
a: Renounce Religion, Evoke Blink, Evoke Invisibility, Heroism


You were on level 3 of the Snake Pit.
You worshipped Okawaru.
Okawaru was most pleased with you.
You visited 5 branches of the dungeon, and saw 26 of its levels.
You also visited: Sewer and Bailey.

You collected 2620 gold pieces.
You spent 2374 gold pieces at shops.

Inventory:

Hand Weapons
 a - a +2 broad axe of draining
   (Okawaru gifted it to you on level 4 of the Lair of Beasts)
 b - the +6 hand crossbow of the Vulture (weapon) {venom, Will+ Str+2 Int-4}
   (Okawaru gifted it to you on level 9 of the Dungeon)

   Any ammunition fired from it poisons the flesh of those it strikes.
   Str:       It affects your strength (+2).
   Int:       It affects your intelligence (-4).
   Will:      It increases your willpower.
 G - a +1 morningstar of freezing
   (You took it off a wight on level 8 of the Dungeon)
 O - a +1 executioner's axe of flaming
   (Okawaru gifted it to you on level 13 of the Dungeon)
Missiles
 d - 61 poisoned darts
 i - 4 silver javelins
 x - 13 boomerangs of dispersal {!f}
 B - 7 silver boomerangs
 T - 9 atropa-tipped darts
 U - 18 javelins
 V - 6 curare-tipped darts
 W - 14 boomerangs
Armour
 l - a +5 plate armour (worn)
   (You found it on level 1 of the Dungeon)
 A - the +0 kite shield of Purpose (worn) {+Blink +Inv rF++ Will-}
   (Okawaru gifted it to you on level 5 of the Lair of Beasts)

   rF:        It greatly protects you from fire.
   +Inv:      It lets you turn invisible.
   +Blink:    It lets you blink.
   Will:      It decreases your willpower.
 M - a scarf of resistance (worn)
   (You found it on level 4 of the Lair of Beasts)
 X - a +2 pair of boots of flying (worn)
   (You found it on level 8 of the Dungeon)
 Y - the +5 pair of gloves of Brilliance (worn) {Harm Dex+6 Stlth-}
   (Okawaru gifted it to you on level 2 of the Orcish Mines)

   Dex:       It affects your dexterity (+6).
   Harm:      It increases damage dealt and taken.
   Stlth:     It makes you less stealthy.
Jewellery
 c - a ring of fire
   (You found it on level 10 of the Dungeon)
 e - a ring of willpower
   (You found it on level 1 of the Dungeon)
 j - an amulet of reflection
   (You found it on level 2 of the Lair of Beasts)
 C - a ring of resist corrosion
   (You took it off an orc wizard on level 8 of the Dungeon)
 E - the ring "Nasteu" (right hand) {rElec rPois rF- rCorr}
   (You acquired it on level 2 of the Orcish Mines)

   [ring of poison resistance]

   rF:        It makes you vulnerable to fire.
   rElec:     It insulates you from electricity.
   rPois:     It protects you from poison.
   rCorr:     It protects you from acid and corrosion.
 I - a ring of protection from cold
   (You found it on level 7 of the Dungeon)
 N - a ring of positive energy
   (You found it on level 1 of the Dungeon)
 R - a +6 ring of intelligence
   (You found it on level 9 of the Dungeon)
 S - a +6 ring of strength (left hand)
   (You took it off a wight on level 8 of the Dungeon)
 Z - an amulet of regeneration (around neck)
   (You took it off a kobold on level 9 of the Dungeon)
Wands
 f - a wand of flame (30)
   (You took it off Erolcha on level 10 of the Dungeon)
 r - a wand of roots (3)
   (You took it off a wight on level 8 of the Dungeon)
 D - a wand of digging (6)
   (You found it on level 12 of the Dungeon)
Scrolls
 g - 5 scrolls of fear
 n - 4 scrolls of fog
 q - 4 scrolls of blinking
 s - 2 scrolls of immolation {!r}
 t - 13 scrolls of teleportation {@r4}
 w - 3 scrolls of silence
 Q - 3 scrolls of poison {!r}
Potions
 h - 3 potions of brilliance
 k - 5 potions of magic
 m - 9 potions of heal wounds {@q2}
 o - 8 potions of ambrosia
 p - 3 potions of attraction {!q}
 u - 7 potions of mutation {!q}
 v - 2 potions of flight
 z - 7 potions of haste {@q3}
 F - 3 potions of resistance
 H - 4 potions of might
 J - 5 potions of cancellation
 K - 4 potions of lignification {!q}
 L - 15 potions of curing {@q1}
 P - a potion of invisibility
Miscellaneous
 y - a condenser vane (inert)
   (You bought it in a shop on level 4 of the Dungeon)


   Skills:
 + Level 13.5(18.5) Fighting
 - Level 18.0(23.0) Axes
 - Level 16.0(21.0) Ranged Weapons
 + Level 5.6(10.6) Throwing
 - Level 8.4(13.4) Armour
 + Level 1.7(6.7) Dodging
 + Level 6.4(11.4) Stealth
 + Level 9.2(14.2) Shields
 + Level 10.6 Invocations
 + Level 9.7 Evocations


You had 14 spell levels left.
You knew the following spells:

 Your Spells              Type           Power      Damage    Failure   Level
c - Apportation           Tloc           0%         N/A       99%         1

Your spell library contained the following spells:

 Spells                   Type           Power      Damage    Failure   Level
 Freeze                   Ice            0%         1d3       99%         1
 Magic Dart               Conj           0%         1d3       99%         1
 Sandblast                Erth           0%         2d4       99%         1
 Blink                    Tloc           0%         N/A       100%        2
 Scorch                   Fire           0%         2d5       100%        2
 Frozen Ramparts          Ice            0%         1d1       100%        3
 Ignite Poison            Fire/Tmut/Pois 0%         N/A       100%        3
 Inner Flame              Hex/Fire       0%         N/A       100%        3
 Lesser Beckoning         Tloc           0%         N/A       100%        3
 Mephitic Cloud           Conj/Pois/Air  0%         N/A       100%        3
 Portal Projectile        Hex/Tloc       0%         N/A       100%        3
 Airstrike                Air            0%         2d(0-16)  100%        4
 Cause Fear               Hex            0%         N/A       100%        4
 Corpse Rot               Necr/Pois/Air  0%         N/A       100%        4
 Dispel Undead            Necr           0%         3d6       100%        4
 Flame Wave               Conj/Fire      0%         2d4       100%        4
 Ice Form                 Ice/Tmut       0%         N/A       100%        4
 Leda's Liquefaction      Hex/Erth       0%         N/A       100%        4
 Alistair's Intoxication  Tmut/Pois      0%         N/A       100%        5
 Freezing Cloud           Conj/Ice/Air   0%         6-21      100%        5
 Lightning Bolt           Conj/Air       0%         1d11      100%        5
 Manifold Assault         Tloc           0%         N/A       100%        5
 Dispersal                Tloc           0%         N/A       100%        6
 Discord                  Hex            0%         N/A       100%        8
 Disjunction              Tloc           0%         N/A       100%        8
 Summon Small Mammal      Summ           Unusable   N/A       N/A         1
 Call Imp                 Summ           Unusable   N/A       N/A         2
 Call Canine Familiar     Summ           Unusable   N/A       N/A         3
 Summon Ice Beast         Ice/Summ       Unusable   N/A       N/A         4
 Summon Lightning Spire   Summ/Air       Unusable   N/A       N/A         4
 Death Channel            Necr           Unusable   N/A       N/A         6
 Summon Cactus Giant      Summ           Unusable   N/A       N/A         6

Dungeon Overview and Level Annotations

Branches:
Dungeon (15/15)            Temple (1/1) D:6            Lair (5/5) D:9
 Shoals (0/4) Lair:3        Snake (3/4) Lair:2        Slime (0/5) Lair:5
    Orc (2/2) D:11            Elf (0/3) Orc:2        Vaults (0/5) D:13
 Depths (0/4) D:15          Sewer (visited)          Bailey (visited)

Altars:
Ashenzari
Cheibriados
Dithmenos
Elyvilon
Fedhas
Gozag
Hepliaklqana
Kikubaaqudgha
Makhleb
Nemelex Xobeh
Okawaru
Qazlal
Ru
Sif Muna
Trog
Uskayaw
Vehumet
Wu Jian
Xom
Yredelemnul
Zin
The Shining One
Jiyva

Shops:
D:1 ?!   D:4 *   D:9 :   Orc:2 ?*((   Snake:2 =?


Innate Abilities, Weirdness & Mutations

You have a pair of horns on your head.
You reflexively headbutt those who attack you in melee.
You have supernaturally acute eyesight. (SInv)
Armour fits poorly on your strangely shaped body.


Message History

The bolt of poison hits the naga warrior.
The naga hits you but does no damage. The naga closely misses you.
You furiously retaliate!
You headbutt the naga.
The black mamba bites you but does no damage.
A black mamba comes into view.
The naga warrior spits poison at you.
The splash of poison hits you but does no damage.
You are poisoned.
You resist.
The naga warrior hits you with a +3 mace!!!
* * * LOW HITPOINT WARNING * * *
The naga warrior constricts you.
The naga warrior hits you with a +0 scimitar!!
* * * LOW HITPOINT WARNING * * *
The black mamba hisses angrily.
You hear an angry hiss.
You hear a shout! x2
Your life force feels restored.
The naga warrior's grasp on you weakens, but your attempt to escape fails.
You feel sick.
The guardian serpent casts a spell at you.
The bolt of poison hits you. You resist.
* * * LOW HITPOINT WARNING * * *
The bolt of poison hits the naga warrior!
The naga warrior is poisoned.
The black mamba closely misses you.
The salamander hits you but does no damage.
You block the naga's attack. The naga hits you but does no damage.
The guardian serpent coils itself and waves its upper body at you.
The naga warrior spits poison at you. The splash of poison hits you.
You are more poisoned.
You resist.
* * * LOW HITPOINT WARNING * * *
The naga warrior constricts you. The naga warrior barely misses you.
The naga warrior hits you but does no damage.
The black mamba bites you but does no damage.
Aim: a naga, wielding a +2 flail of holy wrath (almost dead, strong, covered in acid)
The roots erupt in riotous growth!
Roots grab the naga.
Roots grab the guardian serpent.
Roots grab the salamander.
Roots grab the naga.
Roots grab the naga warrior.
The grasping roots constrict the salamander!
The grasping roots constrict the naga.
You kill the naga!
Okawaru accepts your kill.
The grasping roots constrict the naga!
The grasping roots constrict the guardian serpent.
The grasping roots constrict the naga warrior!
You feel sick.
You hear an angry hiss.
You hear a shout!
You hear an angry hiss.
You hear a shout!
The salamander hits you with a +0 trident.
You die...

.##.. ...§§§§§.
..... ...§§§§§§
.....§#§.§§§§§§
....#§§§§.§§§§§
.....§#§§..§§§§
....§§§S.§##
#.SNN....#
#S@N..#
$.....N)N..#
......S........
.....N........#
#..........#...
..S......... ..
..§§§.##..... #
.?§§§. ......


You could see a nagaraja (fast, corroded), 3 naga warriors, a salamander
(strong, rooted), a mana viper, 2 guardian serpents, 2 black mambas and a naga
(rooted).

Vanquished Creatures
  Donald (Snake:2)
  A nagaraja (Snake:2)
  Aizul (Snake:1)
  A very ugly thing (D:15)
  Erolcha (D:10)
  A great orb of eyes (D:15)
  4 vault guards
  6 boulder beetles
  4 hydras
  17 two-headed ogres
  A centaur warrior (D:14)
  3 anacondas
  A catoblepas (Lair:5)
  5 ogre magi
  11 naga warriors
  3 tengu warriors
  3 naga sharpshooters
  2 shock serpents
  Nergalle (Lair:1)
  A shock serpent (shapeshifter) (D:14)
  8 spectral anacondas (Snake:1)
  3 anaconda zombies (Snake:1)
  A glowing orange brain (D:10)
  A wizard (D:13)
  A lindwurm (Lair:5)
  2 orc knights (Orc:1)
  2 necromancers (D:13)
  2 anaconda skeletons (Snake:1)
  5 deep elf pyromancers
  8 ugly things
  2 orc sorcerers (Orc:2)
  3 mana vipers
  The ghost of PyroL the Reanimator, a novice DsNe of Ignis (D:6)
  A wolf spider (Lair:5)
  4 salamanders
  9 cyclopes
  4 manticores
  Maurice (D:9)
  9 elephants
  4 naga magi
  19 black mambas
  A guardian serpent (shapeshifter) (D:15)
  Joseph (D:7)
  3 guardian serpents
  3 gargoyles
  A torpor snail (Lair:1)
  13 cane toads
  An unseen horror (D:10)
  A kobold demonologist (D:9)
  8 anaconda simulacra (Snake:1)
  A rime drake (Lair:5)
  2 tengu conjurers
  An efreet (D:15)
  A freezing wraith (D:14)
  9 komodo dragons
  27 slime creatures
  A queen bee (Lair:1)
  Prince Ribbit (Bailey)
  5 trolls
  A wind drake (Lair:3)
  5 blink frogs
  4 polar bears
  4 hornets
  3 dream sheep (Lair:1)
  9 wyverns
  A water elemental (D:13)
  A shadow (D:10)
  4 vampires
  Grum (D:8)
  4 basilisks
  26 humans
  26 yaks
  A steam dragon (D:8)
  2 redbacks (Lair:5)
  23 nagas
  18 vampire mosquitoes
  8 wargs
  30 water moccasins
  3 acid dragons
  18 orc warriors
  A sky beast (D:7)
  5 black bears
  27 ogres
  40 wolves
  7 centaurs
  7 kobold brigands
  A phantom (D:6)
  28 bullfrogs
  A scorpion (D:6)
  5 gnoll sergeants
  2 necrophages (D:6)
  12 wights
  26 killer bees
  2 electric eels
  A howler monkey (D:7)
  A lava snake (D:8)
  7 hounds
  8 orc priests
  21 jellies
  2 gnoll boudas (D:9)
  Ijyb (D:3)
  2 iguanas
  22 orc wizards
  5 adders
  25 gnolls
  2 shadow imps
  3 white imps (D:6)
  2 ufetubi (D:6)
  8 worms
  3 dart slugs
  74 orcs
  26 endoplasms
  8 giant cockroaches
  12 goblins
  8 hobgoblins
  9 jackals
  27 kobolds
  6 quokkas
  8 ball pythons
  10 bats
  8 frilled lizards
  12 rats
915 creatures vanquished.

Vanquished Creatures (others)
  A human (D:9)
  78 fungi
  83 plants
162 creatures vanquished.

Grand Total: 1077 creatures vanquished

Notes
Turn   | Place    | Note
-------+----------+-------------------------------------------
     0 | D:1      | Pooter the Minotaur Fighter began the quest for the Orb.
     0 | D:1      | Reached XP level 1. HP: 19/19 MP: 0/0
    96 | D:1      | Found Asuqeimn's Magic Scroll Emporium.
   108 | D:1      | Found a faded altar of an unknown god.
   111 | D:1      | Found Vamysm's Distillery.
   226 | D:1      | Reached skill level 3 in Axes
   226 | D:1      | Reached XP level 2. HP: 27/27 MP: 1/1
   476 | D:1      | Bought a scroll of identify for 22 gold pieces
   940 | D:2      | Reached skill level 1 in Stealth
   941 | D:2      | Reached XP level 3. HP: 33/33 MP: 2/2
  1046 | D:2      | Found a white marble altar of Elyvilon.
  1159 | D:2      | Became a worshipper of Elyvilon the Healer
  1880 | D:1      | Bought a scroll of identify for 22 gold pieces
  1880 | D:1      | Bought a scroll of identify for 22 gold pieces
  1917 | D:2      | Reached skill level 4 in Axes
  2058 | D:2      | Reached XP level 4. HP: 39/40 MP: 3/3
  2370 | D:3      | Reached * piety under Elyvilon
  2485 | D:1      | Bought a scroll of poison for 44 gold pieces
  2674 | D:3      | Found a stormy altar of Qazlal.
  2951 | D:3      | Reached XP level 5. HP: 46/47 MP: 4/4
  2997 | D:3      | Reached skill level 1 in Ranged Weapons
  3522 | D:3      | Noticed Ijyb
  3533 | D:3      | Killed Ijyb
  3534 | D:3      | Reached skill level 5 in Axes
  3666 | D:1      | Bought a potion of heal wounds for 55 gold pieces
  3977 | D:4      | Identified the +5 long sword "Orb Guardian's Bane" {pain,
                  | rC+ Int+3 Dex-4}
  4166 | D:4      | Reached XP level 6. HP: 53/53 MP: 5/5
  4185 | D:4      | Reached ** piety under Elyvilon
  4444 | D:4      | Found a sparkling altar of Nemelex Xobeh.
  4482 | D:4      | Found Wuv Unuf's Gadget Gallery.
  4682 | D:1      | Bought a scroll of magic mapping for 82 gold pieces
  4760 | D:5      | Entered Level 5 of the Dungeon
  4766 | D:5      | Reached skill level 1 in Invocations
  4859 | D:5      | Reached skill level 1 in Evocations
  5081 | D:1      | Bought a potion of curing for 33 gold pieces
  5207 | D:5      | Reached skill level 5 in Fighting
  5208 | D:5      | Reached XP level 7. HP: 52/61 MP: 5/7
  5412 | D:5      | Reached *** piety under Elyvilon
  5608 | D:5      | Reached skill level 6 in Axes
  5826 | D:1      | Bought a potion of curing for 33 gold pieces
  6026 | D:5      | Found a shimmering altar of Xom.
  6213 | D:6      | Found a sacrificial altar of Ru.
  6217 | D:6      | Found a shimmering blue altar of Sif Muna.
  6240 | D:6      | Found a large runed translucent door.
  6240 | D:6      | Found a large runed translucent door.
  6244 | D:6      | Noticed PyroL's ghost (novice DsNe)
  6338 | D:6      | Found a basalt altar of Yredelemnul.
  6363 | D:6      | Reached XP level 8. HP: 32/69 MP: 8/8
  6373 | D:6      | Found a glowing golden altar of the Shining One.
  6399 | D:6      | Reached skill level 7 in Axes
  6432 | D:6      | Found a glowing drain.
  6442 | Sewer    | Entered a sewer
  6467 | Sewer    | Reached skill level 5 in Ranged Weapons
  7367 | D:6      | Found a staircase to the Ecumenical Temple.
  7376 | Temple   | Entered the Ecumenical Temple
  7425 | Temple   | Fell from the grace of Elyvilon
  7425 | Temple   | Became a worshipper of Warmaster Okawaru
  7886 | D:7      | Reached skill level 8 in Axes
  8232 | D:7      | Reached * piety under Okawaru
  8256 | D:7      | Noticed Joseph
  8491 | D:6      | Reached XP level 9. HP: 72/77 MP: 10/10
  8553 | D:7      | Killed Joseph
  9250 | D:1      | Bought a scroll of enchant armour for 82 gold pieces
  9448 | D:7      | Learned a level 1 spell: Apportation
  9670 | D:8      | Found a flagged portal.
  9680 | Bailey   | Entered a bailey
  9770 | Bailey   | Reached skill level 9 in Axes
  9833 | Bailey   | Reached ** piety under Okawaru
  9927 | Bailey   | Noticed a vault guard
  9934 | Bailey   | Killed a vault guard
  9934 | Bailey   | Reached *** piety under Okawaru
  9935 | Bailey   | Reached XP level 10. HP: 79/86 MP: 9/12
  9971 | Bailey   | Noticed a vault guard
  9971 | Bailey   | Noticed Prince Ribbit
  9984 | Bailey   | Killed Prince Ribbit
  9986 | Bailey   | Killed a vault guard
  9987 | Bailey   | Reached skill level 10 in Axes
 10230 | Bailey   | Reached **** piety under Okawaru
 10231 | Bailey   | Reached skill level 5 in Stealth
 10416 | D:8      | Reached skill level 5 in Invocations
 10785 | D:8      | Found a shadowy altar of Dithmenos.
 10876 | D:8      | Found a hide-covered altar of Uskayaw.
 11105 | D:8      | Identified the +9 mace of Dyrchom {chaos, rC- Int+2 Dex+3
                  | Stlth+}
 11488 | D:9      | Noticed Grum
 11488 | D:9      | Noticed Maurice
 11492 | D:8      | Killed Grum
 11513 | D:9      | Reached ***** piety under Okawaru
 11534 | D:9      | Killed Maurice
 11535 | D:9      | Reached skill level 11 in Axes
 11577 | D:9      | Reached XP level 11. HP: 93/94 MP: 14/14
 11620 | D:9      | Found a staircase to the Lair.
 11623 | D:9      | Reached skill level 5 in Evocations
 11858 | D:4      | Bought a wand of roots (3) for 93 gold pieces
 12190 | D:9      | Identified the +6 hand crossbow of the Vulture {venom,
                  | Will+ Str+2 Int-4} (Okawaru gifted it to you on level 9 of
                  | the Dungeon)
 12190 | D:9      | Received a gift from Okawaru
 13038 | D:1      | Bought a potion of cancellation for 88 gold pieces
 13250 | D:9      | Found an ancient bone altar of Kikubaaqudgha.
 13687 | D:9      | Found a snail-covered altar of Cheibriados.
 13759 | D:9      | Found Rureixt's Book Emporium.
 14086 | D:10     | Entered Level 10 of the Dungeon
 14100 | D:10     | Noticed Erolcha
 14285 | D:10     | Killed Erolcha
 14710 | D:10     | Found an ornate altar of the Wu Jian Council.
 14725 | D:10     | Reached skill level 10 in Ranged Weapons
 14857 | D:10     | Found a transporter.
 14860 | D:10     | Found a viscous altar of Jiyva.
 15030 | D:10     | Found a transporter.
 15031 | D:10     | Noticed a glowing orange brain
 15248 | D:10     | Reached skill level 12 in Axes
 15343 | Lair:1   | Entered Level 1 of the Lair of Beasts
 15344 | Lair:1   | Upgraded the game from 0.29-a0-1006-g0dd7720b37 to
                  | 0.29-a0-1008-g949cc1d0fb
 15806 | Lair:1   | Reached XP level 12. HP: 52/104 MP: 12/15
 15878 | Lair:1   | Gained mutation: You have supernaturally acute eyesight.
                  | (SInv) [potion of mutation]
 15878 | Lair:1   | Gained mutation: Armour fits poorly on your strangely
                  | shaped body. [potion of mutation]
 16049 | Lair:1   | Noticed Nergalle
 16053 | Lair:1   | Killed Nergalle
 16722 | Lair:2   | Reached skill level 13 in Axes
 16811 | Lair:2   | Found a staircase to the Snake Pit.
 17162 | Lair:2   | Noticed a boulder beetle
 17170 | Lair:2   | Killed a boulder beetle
 17215 | Lair:2   | Reached skill level 10 in Fighting
 17536 | Lair:3   | Found a staircase to the Shoals.
 18570 | Lair:3   | Reached skill level 14 in Axes
 18613 | Lair:4   | Received a gift from Okawaru
 18617 | Lair:4   | Reached XP level 13. HP: 94/114 MP: 15/17
 19726 | Lair:5   | Entered Level 5 of the Lair of Beasts
 21165 | Lair:5   | Identified the +0 kite shield of Purpose {+Blink +Inv rF++
                  | Will-} (Okawaru gifted it to you on level 5 of the Lair of
                  | Beasts)
 21165 | Lair:5   | Received a gift from Okawaru
 21166 | Lair:5   | Reached skill level 5 in Shields
 21178 | Lair:5   | Reached skill level 15 in Axes
 22314 | D:4      | Bought a condenser vane for 520 gold pieces
 22783 | Lair:5   | Found a staircase to the Slime Pits.
 23361 | D:11     | Found a staircase to the Orcish Mines.
 23373 | Orc:1    | Entered Level 1 of the Orcish Mines
 23377 | Orc:1    | Reached XP level 14. HP: 124/124 MP: 16/19
 23533 | Orc:1    | You are sucked into a shaft and drop 1 floor!
 23533 | Orc:2    | Entered Level 2 of the Orcish Mines
 23546 | Orc:2    | Found a staircase to the Elven Halls.
 24170 | Orc:2    | Received a gift from Okawaru
 24171 | Orc:2    | Reached skill level 5 in Armour
 24249 | Orc:2    | Reached skill level 1 in Throwing
 24621 | Orc:2    | Identified the +5 pair of gloves of Brilliance {Harm Dex+6
                  | Stlth-} (Okawaru gifted it to you on level 2 of the Orcish
                  | Mines)
 24621 | Orc:2    | Received a gift from Okawaru
 24627 | Orc:2    | Reached skill level 16 in Axes
 24713 | Orc:2    | Found Ylaucze's Weapon Shoppe.
 24713 | Orc:2    | Found Widwerim's Weapon Shop.
 24714 | Orc:2    | Found Effo's General Store.
 24714 | Orc:2    | Found Kofoal's Magic Scroll Emporium.
 24763 | Orc:2    | Bought a scroll of blinking for 90 gold pieces
 24763 | Orc:2    | Bought a scroll of identify for 24 gold pieces
 24763 | Orc:2    | Bought a scroll of identify for 24 gold pieces
 24767 | Orc:2    | Bought 5 curare-tipped darts for 45 gold pieces
 24769 | Orc:2    | Bought a scroll of identify for 30 gold pieces
 24907 | D:11     | Got First Steps in Witchcraft
 24993 | D:11     | You are sucked into a shaft and drop 2 floors!
 25341 | Orc:2    | Bought a scroll of acquirement for 624 gold pieces
 25341 | Orc:2    | Acquired the ring "Nasteu" {rElec rPois rF- rCorr}
 25945 | D:12     | Received a gift from Okawaru
 25946 | D:12     | Reached XP level 15. HP: 57/132 MP: 18/21
 27392 | D:13     | Received a gift from Okawaru
 27448 | D:13     | Found a gate to the Vaults.
 27723 | D:14     | Reached skill level 15 in Ranged Weapons
 28010 | D:14     | Found a white marble altar of Elyvilon.
 28397 | D:15     | Entered Level 15 of the Dungeon
 28421 | D:15     | Identified the +0 crystal plate armour of Veonayp {Fly
                  | rElec Int-5 Dex+7} (Okawaru gifted it to you on level 15 of
                  | the Dungeon)
 28421 | D:15     | Received a gift from Okawaru
 28428 | D:15     | Reached skill level 17 in Axes
 28617 | D:15     | Identified the +10 mace of the Dwarven Hall {protect,
                  | Dex+5}
 28975 | D:15     | Found a staircase to the Depths.
 29279 | D:11     | Reached skill level 10 in Invocations
 29477 | D:6      | Killed PyroL's ghost
 30738 | D:12     | You are sucked into a shaft and drop 3 floors!
 30930 | Snake:1  | Entered Level 1 of the Snake Pit
 31413 | Snake:1  | Identified the +1 robe of Kiaqaczi {rCorr Int+5}
 31590 | Snake:1  | Reached XP level 16. HP: 141/141 MP: 22/22
 31648 | Snake:1  | Received a gift from Okawaru
 31666 | Snake:1  | Reached skill level 5 in Throwing
 32231 | Snake:1  | Noticed Aizul
 32258 | Snake:1  | Killed Aizul
 32258 | Snake:1  | Received a gift from Okawaru
 32453 | Snake:1  | Received a gift from Okawaru
 32708 | Snake:2  | Upgraded the game from 0.29-a0-1008-g949cc1d0fb to
                  | 0.29-a0-1009-g60c99734e7
 32738 | Snake:2  | Found Pogruiv's Magic Scroll Emporium.
 32819 | Snake:2  | Found Vefiekip's Jewellery Shoppe.
 33208 | D:1      | Bought a scroll of enchant armour for 82 gold pieces
 33208 | D:1      | Bought a scroll of silence for 104 gold pieces
 33498 | Orc:2    | Bought a scroll of enchant armour for 90 gold pieces
 33797 | D:1      | Bought a potion of heal wounds for 55 gold pieces
 33797 | D:1      | Bought 2 potions of heal wounds for 110 gold pieces
 34077 | Snake:2  | Reached skill level 18 in Axes
 34192 | Snake:2  | Received a gift from Okawaru
 34270 | Snake:2  | Reached skill level 1 in Dodging
 34402 | Snake:2  | Noticed Donald
 34413 | Snake:2  | Killed Donald
 34662 | Snake:2  | Received a gift from Okawaru
 34774 | Snake:3  | HP: 5/144 [naga warrior/splash of poison (3)]
 34775 | Snake:3  | Slain by a salamander

Illustrated notes

Levels and vault maps discovered:
D:1:      lightli_arrival_lavapool, layout_basic, serial_shops,
          nicolae_shop_waterfront, nicolae_shop_crystal,
          shapermc_ecumenical_altar_venn
D:2:      kennysheep_six_static_rooms, layout_loops_corners, basic_altar,
          kennysheep_generic_room_12
D:3:      kennysheep_goblin_castle, layout_rooms,
          nicolae_qazlal_general_emergency, kennysheep_generic_room_6
D:4:      layout_rooms, nemelex_dance_club_becter, grunt_decor_arrowhead,
          nicolae_shop_gadgets
D:5:      layout_loops_ring, mainiacjoe_overflow_alcove_2,
          amcnicky_mini_corridor_feature
D:6:      layout_basic, mainiacjoe_overflow_alcove_4,
          mainiacjoe_overflow_catwalk_spiral, lemuel_doored_altar,
          temple_statues, gup_sewer_entry_bubbles, ebering_ghost_disaster_area
D:7:      layout_basic, uniq_joseph
D:8:      layout_cave_pools, nicolae_uskayaw_suspiria,
          mainiacjoe_overflow_boulevard, serial_co_window_serial,
          co_window_corner_a, co_window_paths_a, co_window_corner_a,
          co_window_paths_b, co_window_cross_1, co_window_corner_cb,
          co_window_2corner, co_window_corner_ca, co_window_cross_3,
          enter_bailey_2
D:9:      layout_big_octagon, tgw_kikubaaqudgha, mainiacjoe_overflow_24_doors,
          due_lair_maze_entry_diamond, serial_gnoll_camp,
          gnoll_camp_mini_loothouse, gnoll_camp_mini_shop,
          gnoll_camp_mini_basic, gnoll_camp_huts_basic, gnoll_camp_mini_hut,
          grunt_ogre_cave, uniq_grum, uniq_maurice
D:10:     gammafunk_jiyva_shrine, layout_basic, general_overflow_altar,
          minmay_misc_feat_tiny, uniq_erolcha
D:11:     cheibrodos_ideogram_h, layout_irregular_city, david_orc_3,
          hangedman_decor_growths
D:12:     layout_small_grid
D:13:     layout_basic, grunt_vaults_entry_tiered,
          nicolae_concentric_dashed_squares_wild
D:14:     layout_basic, elyvilon_altar_1, kennysheep_generic_room_13
D:15:     gammafunk_enter_depths_forms, layout_cave_pools, serial_bayou_pond_e
Temple:   zaba_magenta_temple
Lair:1:   layout_roguey, special_room [special_room_bee], grunt_megastairs_4,
          lemuel_fruit_tree, uniq_nergalle
Lair:2:   layout_chaotic_city, minmay_snake_entry_guardpost_large,
          minmay_stone_trees_medium, nicolae_quartered_pool_super, st_stairs_5,
          small_statue_intersection, patterned_corridor, lemuel_fruit_fields
Lair:3:   lemuel_slime, layout_regular_city, minmay_shoals_entry_beasts
Lair:4:   layout_regular_city
Lair:5:   hangedman_lair_tendril_chambers, layout_cave_shapes,
          minmay_slime_entry_jelly_boxes, grunt_forest_large_clearings
Snake:1:  layout_basic, grunt_ministairs_15, nicolae_snake_dead_anacondas,
          uniq_aizul
Snake:2:  layout_basic, minmay_shoptagon, uniq_donald
Snake:3:  layout_onion_interference, serial_shops, shop
Orc:1:    layout_caves
Orc:2:    st_orc_ogre_mass, layout_diamond_mine

Skill      XL: |  1  2  3  4  5  6  7  8  9 10 11 12 13 14 15 16 |
---------------+-------------------------------------------------+-----
Axes           | 3 4 5 6 8 9 11 12 14 15 16 17 18 | 18.0
Fighting       | 4 5 6 7 8 9 10 11 12 13 | 13.5
Stealth        | 1 2 3 4 5 6 |  6.4
Ranged Weapons | 2 3 4 5 7 9 10 12 13 14 15 16 | 16.0
Invocations    | 1 2 3 4 5 6 7 8 9 10 | 10.6
Evocations     | 1 2 3 4 5 7 8 9 |  9.7
Shields        | 5 7 8 9 |  9.2
Armour         | 4 6 7 8 |  8.4
Throwing       | 3 4 5 |  5.6
Dodging        | 1 |  1.7

Action                   |  1- 3 |  4- 6 |  7- 9 | 10-12 | 13-15 | 16-18 || total
-------------------------+-------+-------+-------+-------+-------+-------++-------
Melee: War axe           |    98 |   109 |    26 |       |       |       ||   233
       Headbutt          |    18 |    13 |    31 |    49 |    96 |    39 ||   246
       Morningstar       |       |     7 |       |       |     6 |       ||    13
       Battleaxe         |       |       |   145 |   268 |       |       ||   413
       Broad axe         |       |       |       |       |   410 |   133 ||   543
       Executioner's axe |       |       |       |       |    14 |       ||    14
 Fire: Sling             |       |    49 |     6 |    33 |       |       ||    88
       Hand crossbow     |       |       |       |   262 |   567 |    82 ||   911
Throw: Javelin           |     2 |     3 |     8 |     2 |       |     2 ||    17
       Stone             |       |       |     3 |       |       |       ||     3
       Dart              |       |       |     3 |    62 |     3 |       ||    68
       Boomerang         |       |       |     1 |       |     5 |     5 ||    11
Invok: Heal Other        |       |       |     3 |       |       |       ||     3
       Heal Self         |       |       |     2 |       |       |       ||     2
       Heroism           |       |       |     7 |    35 |    63 |    12 ||   117
       Finesse           |       |       |       |     1 |     5 |     1 ||     7
 Abil: Evoke Invisibilit |       |       |       |       |     1 |       ||     1
Evoke: Wand              |       |       |       |     5 |     5 |     1 ||    11
       Condenser vane    |       |       |       |       |     1 |     1 ||     2
  Use: Scroll            |     3 |     4 |     4 |    10 |    13 |     6 ||    40
       Potion            |       |       |     3 |     2 |       |     3 ||     8
 Stab: Invisible         |       |       |       |       |     6 |       ||     6
Armor: Scale mail        |    23 |       |       |       |       |       ||    23
       Plate armour      |    39 |    82 |   130 |   319 |   244 |    74 ||   888
Dodge: Dodged            |    34 |    51 |    83 |   176 |   191 |    38 ||   573
Block: Buckler           |    18 |    29 |     7 |       |       |       ||    54
       Kite shield       |       |       |       |       |   292 |   118 ||   410

Table legend: (Time is in decaauts)
 A = Elapsed time spent in this place.
 B = Non-inter-level travel time spent in this place.
 C = Inter-level travel time spent in this place.
 D = Time resting spent in this place.
 E = Time spent auto-exploring this place.
 F = Levels seen in this place.
 G = Mean time per level.
                   A        B        C        D        E       F      G
               +--------+--------+--------+--------+--------+-----+--------+
         Total |  35327 |  29197 |   6130 |   7719 |  15393 |  28 | 1261.7 |
       Dungeon |  21021 |  16384 |   4637 |   3386 |   9732 |  15 | 1401.4 |
        Temple |     67 |     55 |     12 |      0 |     40 |   1 |   67.0 |
          Lair |   8225 |   7357 |    868 |   2342 |   3629 |   5 | 1645.0 |
     Snake Pit |   2836 |   2644 |    192 |    947 |   1205 |   3 |  945.3 |
  Orcish Mines |   1906 |   1487 |    419 |    284 |    524 |   2 |  953.0 |
         Sewer |    555 |    555 |      0 |    241 |    208 |   1 |  555.0 |
        Bailey |    714 |    714 |      0 |    517 |     54 |   1 |  714.0 |
               +--------+--------+--------+--------+--------+-----+--------+

Top non-repeatable levels by time:
  Lair:5: 3178 daAuts
     D:9: 2459 daAuts
     D:6: 1904 daAuts
     D:2: 1886 daAuts
 Snake:1: 1874 daAuts
     D:8: 1689 daAuts
     D:1: 1582 daAuts
     D:3: 1550 daAuts
    D:10: 1546 daAuts
  Lair:1: 1437 daAuts
  Lair:4: 1411 daAuts
     D:7: 1297 daAuts
     D:5: 1295 daAuts
  Lair:2: 1205 daAuts
    D:11: 1168 daAuts
